TOP OF THE 1ST |
State College Spikes batting - Pitching for Williamsport Crosscutters : RHP Arturo Naranjo
|
Pitching: RHP Arturo Naranjo
|
|
Batting: RHB Mike Zimmerly
|
0-0: Ball 1-0: Fly out, F9 (Flyball, 9, EV 91.2 MPH)
|
Batting: RHB Tim Cleary
|
0-0: Ball 1-0: Swinging Strike 1-1: Ground out 6-3 (Groundball, 56, EV 88.1 MPH)
|
Batting: RHB Tyler Walker
|
0-0: Ball 1-0: Called Strike 1-1: Ball 2-1: Ball 3-1: Called Strike 3-2: Strikes out swinging
|
Top of the 1st over - 0 runs, 0 hits, 0 errors, 0 left on base; State College 0 - Williamsport 0 |
BOTTOM OF THE 1ST |
Williamsport Crosscutters batting - Pitching for State College Spikes : RHP Kevon Jamison
|
Pitching: RHP Kevon Jamison
|
|
Batting: RHB Joe Hewitt
|
0-0: Ball 1-0: Swinging Strike 1-1: Foul Ball, location: 2F 1-2: Foul Ball, location: 2F 1-2: Ball 2-2: Strikes out swinging
|
Batting: RHB Alan Weller
|
0-0: SINGLE (Groundball, 3S, EV 66.9 MPH) (infield hit)
|
Batting: LHB Eric Farren
|
0-0: Called Strike 0-1: DOUBLE (Line Drive, 78D, EV 111.2 MPH) Alan Weller to third Runner from 3rd tries for Home, SAFE, no throw by LF
|
Batting: SHB Jeff Echt
|
0-0: Called Strike 0-1: Called Strike 0-2: Ball 1-2: Foul Ball, location: 2F 1-2: Ball 2-2: Foul Ball, location: 2F 2-2: Strikes out swinging
|
Batting: RHB Trent Hedrick
|
0-0: Ball 1-0: Foul Ball, location: 2F 1-1: Ball 2-1: SINGLE (Line Drive, 34D, EV 102.5 MPH) Eric Farren to third
|
Batting: RHB Jake Cox
|
0-0: Swinging Strike 0-1: Foul Ball, location: 2F 0-2: Foul Ball, location: 2F 0-2: Ball 1-2: Foul Ball, location: 2F 1-2: Fly out, F4 (Flyball, 3D, EV 84.4 MPH)
|
Bottom of the 1st over - 1 run, 3 hits, 0 errors, 2 left on base; State College 0 - Williamsport 1 |
TOP OF THE 2ND |
State College Spikes batting - Pitching for Williamsport Crosscutters : RHP Arturo Naranjo
|
Batting: RHB Jose Jimenez
|
0-0: Swinging Strike 0-1: Foul Ball, location: 2F 0-2: Ball 1-2: Strikes out swinging
|
Batting: RHB Josh Broome
|
0-0: SINGLE (Groundball, 6MD, EV 105.0 MPH)
|
Batting: RHB Vic Nelson
|
0-0: Ball Josh Broome steals 2nd, throwing error, E2 Josh Broome to third 1-0: Called Strike 1-1: Foul Ball, location: 2F 1-2: Foul Ball, location: 2F 1-2: SINGLE (Groundball, 6S, EV 87.5 MPH) Josh Broome scores
|
Batting: RHB Richard Riggs
|
0-0: Foul Ball, location: 2F 0-1: Fly out, F7 (Flyball, 7LM, EV 87.5 MPH)
|
Batting: SHB Hank Arias
|
0-0: Ball 1-0: Called Strike 1-1: Called Strike 1-2: Ball 2-2: Foul Ball, location: 2F 2-2: Strikes out swinging
|
Top of the 2nd over - 1 run, 2 hits, 1 error, 1 left on base; State College 1 - Williamsport 1 |
BOTTOM OF THE 2ND |
Williamsport Crosscutters batting - Pitching for State College Spikes : RHP Kevon Jamison
|
Batting: RHB Ken Gadberry
|
0-0: Called Strike 0-1: Ball 1-1: Ground out 4-3 (Groundball, 34, EV 89.4 MPH)
|
Batting: LHB Manoel Camp
|
0-0: Ball 1-0: Called Strike 1-1: Fly out, F7 (Flyball, 78S, EV 86.9 MPH)
|
Batting: RHB Jimmy Misener
|
0-0: Ball 1-0: Called Strike 1-1: Ball 2-1: Foul Ball, location: 2F 2-2: Ball 3-2: Strikes out swinging
|
Bottom of the 2nd over - 0 runs, 0 hits, 0 errors, 0 left on base; State College 1 - Williamsport 1 |
TOP OF THE 3RD |
State College Spikes batting - Pitching for Williamsport Crosscutters : RHP Arturo Naranjo
|
Batting: RHB Ray Souza
|
0-0: Foul Ball, location: 2F 0-1: Ball 1-1: Ball 2-1: SINGLE (Groundball, 4MD, EV 103.8 MPH)
|
Batting: RHB Mike Zimmerly
|
0-0: SINGLE (Line Drive, 6M, EV 97.5 MPH) Ray Souza to second
|
Batting: RHB Tim Cleary
|
0-0: DOUBLE (Line Drive, 78D, EV 110.0 MPH) Ray Souza scores Mike Zimmerly to third Runner from 3rd tries for Home, SAFE, throw by CF to home
|
Batting: RHB Tyler Walker
|
0-0: Called Strike Tim Cleary steals 3rd base 0-1: Ball 1-1: Foul Ball, location: 2F 1-2: Ball 2-2: Reached on error, E6 (Groundball, 6, EV 103.1 MPH) Tim Cleary scores
|
Batting: RHB Jose Jimenez
|
0-0: Called Strike 0-1: Called Strike 0-2: Strikes out swinging
|
Batting: RHB Josh Broome
|
0-0: Ball 1-0: Called Strike 1-1: Swinging Strike 1-2: Foul Ball, location: 2F 1-2: Strikes out swinging
|
Batting: RHB Vic Nelson
|
0-0: Fly out, F3 (Flyball, 3D, EV 88.1 MPH)
|
Top of the 3rd over - 3 runs, 3 hits, 1 error, 1 left on base; State College 4 - Williamsport 1 |
BOTTOM OF THE 3RD |
Williamsport Crosscutters batting - Pitching for State College Spikes : RHP Kevon Jamison
|
Batting: RHB Joe Hewitt
|
0-0: Ball 1-0: Foul Ball, location: 2F 1-1: Called Strike 1-2: Ball 2-2: Ball 3-2: Foul Ball, location: 2F 3-2: SINGLE (Groundball, 56S, EV 69.4 MPH) (infield hit)
|
Batting: RHB Alan Weller
|
0-0: Ball 1-0: Swinging Strike 1-1: Called Strike 1-2: Strikes out swinging
|
Batting: LHB Eric Farren
|
0-0: Ball Joe Hewitt steals 2nd base 1-0: Swinging Strike 1-1: Foul Ball, location: 2F 1-2: Ball 2-2: Ground out U3 (Groundball, 34, EV 86.2 MPH) Joe Hewitt to third
|
Batting: SHB Jeff Echt
|
0-0: Foul Ball, location: 2F 0-1: Ball 1-1: Ball 2-1: Swinging Strike 2-2: Foul Ball, location: 2F 2-2: Strikes out swinging
|
Bottom of the 3rd over - 0 runs, 1 hit, 0 errors, 1 left on base; State College 4 - Williamsport 1 |
TOP OF THE 4TH |
State College Spikes batting - Pitching for Williamsport Crosscutters : RHP Arturo Naranjo
|
Batting: RHB Richard Riggs
|
0-0: Swinging Strike 0-1: Ball 1-1: Foul Ball, location: 2F 1-2: Ground out 6-3 (Groundball, 6, EV 90.0 MPH)
|
Batting: SHB Hank Arias
|
0-0: Ball 1-0: Ball 2-0: Ball 3-0: Called Strike 3-1: Called Strike 3-2: Base on Balls
|
Batting: RHB Ray Souza
|
0-0: Ball Hank Arias steals 2nd base (no throw) 1-0: Called Strike Hank Arias steals 3rd base 1-1: Foul Ball, location: 2F 1-2: Strikes out swinging
|
Batting: RHB Mike Zimmerly
|
Balk! Hank Arias scores 0-0: Called Strike 0-1: Foul Ball, location: 2F 0-2: Ball 1-2: Ground out 4-3 (Groundball, 4S, EV 83.1 MPH)
|
Top of the 4th over - 1 run, 0 hits, 0 errors, 0 left on base; State College 5 - Williamsport 1 |
BOTTOM OF THE 4TH |
Williamsport Crosscutters batting - Pitching for State College Spikes : RHP Kevon Jamison
|
Batting: RHB Trent Hedrick
|
0-0: Ball 1-0: Called Strike 1-1: Ball 2-1: Swinging Strike 2-2: Foul Ball, location: 2F 2-2: Foul Ball, location: 2F 2-2: Foul Ball, location: 2F 2-2: Ball 3-2: Strikes out swinging
|
Batting: RHB Jake Cox
|
0-0: Ball 1-0: Foul Ball, location: 2F 1-1: Ball 2-1: Ground out 4-3 (Groundball, 4S, EV 71.2 MPH)
|
Batting: RHB Ken Gadberry
|
0-0: Called Strike 0-1: Ball 1-1: Hit by Pitch
|
Batting: LHB Manoel Camp
|
0-0: Called Strike 0-1: Ball 1-1: Foul Ball, location: 2F 1-2: Ball 2-2: Foul Ball, location: 2F 2-2: Ground out 5-3 (Groundball, 56S, EV 82.5 MPH)
|
Bottom of the 4th over - 0 runs, 0 hits, 0 errors, 1 left on base; State College 5 - Williamsport 1 |
TOP OF THE 5TH |
State College Spikes batting - Pitching for Williamsport Crosscutters : RHP Arturo Naranjo
|
Pitching: RHP Pat Stone
|
|
Batting: RHB Tim Cleary
|
0-0: Called Strike 0-1: Ball 1-1: Called Strike 1-2: Ball 2-2: Strikes out swinging
|
Batting: RHB Tyler Walker
|
0-0: Called Strike 0-1: Ground out 5-3 (Groundball, 56S, EV 70.6 MPH)
|
Batting: RHB Jose Jimenez
|
0-0: Swinging Strike 0-1: Foul Ball, location: 2F 0-2: Strikes out swinging
|
Top of the 5th over - 0 runs, 0 hits, 0 errors, 0 left on base; State College 5 - Williamsport 1 |
BOTTOM OF THE 5TH |
Williamsport Crosscutters batting - Pitching for State College Spikes : RHP Kevon Jamison
|
Batting: RHB Jimmy Misener
|
0-0: Ball 1-0: Ball 2-0: Ball 3-0: Base on Balls
|
Batting: RHB Joe Hewitt
|
0-0: Ball 1-0: Fly out, F9 (Line Drive, 9D, EV 85.0 MPH)
|
Batting: RHB Alan Weller
|
0-0: Ball Wild Pitch! Jimmy Misener to second 1-0: Foul Ball, location: 2F 1-1: Foul Ball, location: 2F 1-2: Ball 2-2: Strikes out swinging
|
Batting: LHB Eric Farren
|
0-0: Called Strike 0-1: SINGLE (Flyball, 5D, EV 93.8 MPH) Jimmy Misener to third Runner from 3rd tries for Home, SAFE, throw by LF to home
|
Batting: SHB Jeff Echt
|
0-0: Fly out, F7 (Flyball, 78M, EV 86.2 MPH)
|
Bottom of the 5th over - 1 run, 1 hit, 0 errors, 1 left on base; State College 5 - Williamsport 2 |
TOP OF THE 6TH |
State College Spikes batting - Pitching for Williamsport Crosscutters : RHP Pat Stone
|
Batting: RHB Josh Broome
|
0-0: Ball 1-0: Ball 2-0: Called Strike 2-1: SINGLE (Groundball, 6S, EV 75.0 MPH) (infield hit)
|
Batting: RHB Vic Nelson
|
0-0: Called Strike 0-1: Ball 1-1: Called Strike 1-2: Foul Ball, location: 2F 1-2: Reached on error, E5 (Groundball, 56S, EV 80.6 MPH) Josh Broome to second
|
Batting: RHB Richard Riggs
|
0-0: Called Strike 0-1: Called Strike 0-2: Ball 1-2: Foul Ball, location: 2F 1-2: Fly out, F6 (Line Drive, 6, EV 67.5 MPH)
|
Batting: SHB Hank Arias
|
0-0: Ball 1-0: Foul Ball, location: 2F 1-1: Ball 2-1: Called Strike 2-2: Strikes out looking
|
Batting: RHB Ray Souza
|
0-0: Called Strike 0-1: Ball 1-1: Swinging Strike 1-2: Foul Ball, location: 2F 1-2: Ball Passed Ball! Josh Broome to third Vic Nelson to second 2-2: DOUBLE (Line Drive, 7LM, EV 90.0 MPH) Josh Broome scores Vic Nelson scores
|
Batting: RHB Mike Zimmerly
|
0-0: Foul Ball, location: 2F 0-1: Called Strike 0-2: Ball 1-2: Ball 2-2: Foul Ball, location: 2F 2-2: Fly out, F6 (Popup, 6MS, EV 76.2 MPH)
|
Top of the 6th over - 2 runs, 2 hits, 1 error, 1 left on base; State College 7 - Williamsport 2 |
BOTTOM OF THE 6TH |
Williamsport Crosscutters batting - Pitching for State College Spikes : RHP Kevon Jamison
|
Batting: RHB Trent Hedrick
|
0-0: Called Strike 0-1: Ball 1-1: Ball 2-1: Ball 3-1: Called Strike 3-2: Foul Ball, location: 2F 3-2: Ground out 5-3 (Groundball, 56S, EV 84.4 MPH)
|
Batting: RHB Jake Cox
|
0-0: Ball 1-0: Ball 2-0: Fly out, F7 (Flyball, 7S, EV 91.2 MPH)
|
Batting: RHB Ken Gadberry
|
0-0: Swinging Strike 0-1: Foul Ball, location: 2F 0-2: Strikes out swinging
|
Bottom of the 6th over - 0 runs, 0 hits, 0 errors, 0 left on base; State College 7 - Williamsport 2 |
TOP OF THE 7TH |
State College Spikes batting - Pitching for Williamsport Crosscutters : RHP Pat Stone
|
Batting: RHB Tim Cleary
|
0-0: Called Strike 0-1: Ball 1-1: DOUBLE (Flyball, 78D, EV 110.6 MPH)
|
Pitching: RHP Tony Trevino
|
|
Batting: RHB Tyler Walker
|
0-0: Ball 1-0: Ball 2-0: Called Strike 2-1: Foul Ball, location: 2F 2-2: Foul Ball, location: 2F 2-2: Ball Wild Pitch! Tim Cleary to third 3-2: Base on Balls
|
Batting: RHB Jose Jimenez
|
0-0: Fielders Choice at 2nd, 5-4 (Groundball, 56, EV 83.8 MPH) Tim Cleary scores
|
Batting: RHB Josh Broome
|
0-0: Called Strike 0-1: Swinging Strike 0-2: Fielders Choice at 2nd, 4-6 (Groundball, 4, EV 85.0 MPH)
|
Batting: RHB Vic Nelson
|
0-0: Ball 1-0: Ball 2-0: Swinging Strike 2-1: Foul Ball, location: 2F 2-2: Foul Ball, location: 2F 2-2: Ground out 1-3 (Groundball, 34S, EV 69.4 MPH)
|
Top of the 7th over - 1 run, 1 hit, 0 errors, 1 left on base; State College 8 - Williamsport 2 |
BOTTOM OF THE 7TH |
Williamsport Crosscutters batting - Pitching for State College Spikes : RHP Kevon Jamison
|
Pitching: LHP Carlos Salcido
|
|
Batting: LHB Manoel Camp
|
0-0: Called Strike 0-1: Ball 1-1: Ball 2-1: Swinging Strike 2-2: Strikes out looking
|
Batting: RHB Jimmy Misener
|
0-0: Foul Ball, location: 2F 0-1: Ball 1-1: Ball 2-1: Ball 3-1: Called Strike 3-2: Strikes out swinging
|
Batting: RHB Joe Hewitt
|
0-0: Ball 1-0: Fly out, F9 (Flyball, 9LM, EV 76.2 MPH)
|
Bottom of the 7th over - 0 runs, 0 hits, 0 errors, 0 left on base; State College 8 - Williamsport 2 |
TOP OF THE 8TH |
State College Spikes batting - Pitching for Williamsport Crosscutters : RHP Tony Trevino
|
Batting: RHB Richard Riggs
|
0-0: Ball 1-0: Ball 2-0: Ball 3-0: Foul Ball, location: 2F 3-1: Base on Balls
|
Batting: SHB Hank Arias
|
0-0: Swinging Strike 0-1: SINGLE (Groundball, 6MS, EV 70.6 MPH) (infield hit) Richard Riggs to second
|
Batting: RHB Ray Souza
|
0-0: Foul Ball, location: 2F 0-1: Ball 1-1: SINGLE (Groundball, 6MD, EV 98.8 MPH) Richard Riggs to third Hank Arias to second Runner from 3rd tries for Home, SAFE, throw by CF to home
|
Pinch Hitting: RHB Joe Myers
|
0-0: Ball 1-0: Ball 2-0: Foul Ball, location: 2F 2-1: Foul Ball, location: 2F 2-2: Ball 3-2: Foul Ball, location: 2F 3-2: Strikes out swinging
|
Pitching: RHP Bobby Savoy
|
|
Batting: RHB Tim Cleary
|
0-0: Fielders Choice at 2nd, 6-4 (Groundball, 6, EV 107.5 MPH) Hank Arias to third
|
Batting: RHB Tyler Walker
|
0-0: Fly out, F8 (Flyball, 8LD, EV 91.9 MPH)
|
Top of the 8th over - 1 run, 2 hits, 0 errors, 2 left on base; State College 9 - Williamsport 2 |
BOTTOM OF THE 8TH |
Williamsport Crosscutters batting - Pitching for State College Spikes : LHP Carlos Salcido
|
Now at 1B: Bernard Claude
|
|
Batting: RHB Alan Weller
|
0-0: Called Strike 0-1: Ball 1-1: Ball 2-1: Fly out, F9 (Flyball, 9D, EV 102.5 MPH)
|
Pinch Hitting: RHB Antonio Medina
|
0-0: Called Strike 0-1: Called Strike 0-2: Ball 1-2: Fly out, F9 (Flyball, 89M, EV 83.8 MPH)
|
Batting: SHB Jeff Echt
|
0-0: Called Strike 0-1: Called Strike 0-2: Ball 1-2: Ground out 3-1 (Groundball, 34, EV 90.6 MPH)
|
Bottom of the 8th over - 0 runs, 0 hits, 0 errors, 0 left on base; State College 9 - Williamsport 2 |
TOP OF THE 9TH |
State College Spikes batting - Pitching for Williamsport Crosscutters : RHP Bobby Savoy
|
Now at 2B: Ken Gadberry
|
|
Now at 3B: Antonio Medina
|
|
Now at SS: Jake Cox
|
|
Batting: RHB Jose Jimenez
|
0-0: Swinging Strike 0-1: Foul Ball, location: 2F 0-2: Foul Ball, location: 2F 0-2: Foul Ball, location: 2F 0-2: Foul Ball, location: 2F 0-2: Ball 1-2: Ball 2-2: Foul Ball, location: 2F 2-2: Ground out 4-3 (Groundball, 34, EV 86.2 MPH)
|
Batting: RHB Josh Broome
|
0-0: Foul Ball, location: 2F 0-1: Swinging Strike 0-2: Ball 1-2: Hit by Pitch
|
Batting: RHB Vic Nelson
|
0-0: Called Strike 0-1: Hit by Pitch Josh Broome to second
|
Batting: RHB Richard Riggs
|
0-0: Swinging Strike 0-1: Called Strike 0-2: Foul Ball, location: 2F 0-2: Strikes out swinging
|
Batting: SHB Hank Arias
|
0-0: Called Strike 0-1: Swinging Strike 0-2: Ball 1-2: Strikes out looking
|
Top of the 9th over - 0 runs, 0 hits, 0 errors, 2 left on base; State College 9 - Williamsport 2 |
BOTTOM OF THE 9TH |
Williamsport Crosscutters batting - Pitching for State College Spikes : LHP Carlos Salcido
|
Batting: RHB Trent Hedrick
|
0-0: Fly out, F4 (Line Drive, 4, EV 60.0 MPH)
|
Pinch Hitting: RHB Sean Espejo
|
0-0: Called Strike 0-1: Ball 1-1: Foul Ball, location: 2F 1-2: Ball 2-2: Ball 3-2: Strikes out swinging
|
Batting: RHB Ken Gadberry
|
0-0: Ball 1-0: Swinging Strike 1-1: Called Strike 1-2: Ball 2-2: Ball 3-2: Base on Balls
|
Batting: LHB Manoel Camp
|
0-0: Ball 1-0: Ball 2-0: Ball 3-0: Called Strike 3-1: Ground out 4-3 (Groundball, 4S, EV 69.4 MPH)
|
Bottom of the 9th over - 0 runs, 0 hits, 0 errors, 1 left on base; State College 9 - Williamsport 2 |
|